General information
- name: BNet
- type: Ladder 1vs1/FFA
- host: Battle.net
- saver: StellarStar
map: GoldRush
- players: 4
- length: 80:50
- speed: Fast
- version: 1.26 W3XP
- replay type: Public
» download(373 KB)
Players
team 1 (loser)
Player 1 (
purple | 134 APM | 3910 actions | 29:08)
5 Death Knight
3 Death Coil
2 Unholy Aura
5 Lich
3 Frost Nova
2 Frost Armor
4 Pandaren Brewmaster
2 Breath of Fire
2 Drunken Haze
» actions
| Assign group hotkey | 103 | |
| Basic commands | 431 | |
| Build / train | 136 | |
| ESC pressed | 10 | |
| Enter build submenu | 41 | |
| Enter hero's abilities submenu | 15 | |
| Give item / drop item | 4 | |
| Right click | 1045 | |
| Select / deselect | 795 | |
| Select group hotkey | 1175 | |
| Use ability | 155 | |
3910 total
» units
| Acolyte | 29 | |
| Ghoul | 13 | |
| Crypt Fiend | 12 | |
| Frost Wyrm | 7 | |
| Banshee | 2 | |
| Obsidian Statue | 2 | |
65 total
» upgrades
| Creature Attack | 3 | |
| Creature Carapace | 3 | |
| Banshee Training | 3 | |
| Web | 1 | |
| Freezing Breath | 1 | |
| Disease Cloud | 1 | |
12 total
» buildings
| Graveyard | 1 | |
| Crypt | 1 | |
| Ziggurat | 8 | |
| Altar of Darkness | 1 | |
| Tomb of Relics | 1 | |
| Halls of the Dead | 2 | |
| Spirit Tower | 8 | |
| Black Citadel | 2 | |
| Sacrificial Pit | 1 | |
| Temple of the Damned | 1 | |
| Slaughterhouse | 1 | |
| Boneyard | 2 | |
| Necropolis | 3 | |
32 total
» build order
00:05 Graveyard
00:08 Crypt
00:37 Ziggurat
00:55 Altar of Darkness
01:24 Ziggurat
01:51 Tomb of Relics
04:27 Halls of the Dead
04:27 Halls of the Dead
04:30 Ziggurat
05:22 Ziggurat
05:30 Ziggurat
05:39 Ziggurat
06:19 Spirit Tower
06:19 Spirit Tower
06:36 Spirit Tower
08:07 Black Citadel
08:08 Black Citadel
08:10 Sacrificial Pit
08:12 Spirit Tower
08:12 Spirit Tower
09:10 Temple of the Damned
09:12 Slaughterhouse
10:44 Boneyard
12:44 Boneyard
13:48 Necropolis
15:54 Ziggurat
15:54 Ziggurat
16:51 Spirit Tower
16:51 Spirit Tower
20:29 Necropolis
25:36 Necropolis
» items
| Rod of Necromancy | 2 | |
| Sacrificial Skull | 1 | |
| Potion of Mana | 3 | |
| Scroll of Healing | 8 | |
| Orb of Corruption | 2 | |
| Potion of Lesser Invulnerability | 1 | |
| Scroll of Protection | 1 | |
| Scroll of Town Portal | 1 | |
| Potion of Healing | 1 | |
20 total
team 2 (loser)
Player 2 (
yellow | 70 APM | 5668 actions | 80:48)
7 Archmage
3 Summon Water Elemental
3 Brilliance Aura
1 Mass Teleport
6 Mountain King
3 Storm Bolt
2 Bash
1 Avatar
7 Paladin
3 Holy Light
3 Divine Shield
1 Resurrection
» actions
| Assign group hotkey | 93 | |
| Basic commands | 50 | |
| Build / train | 286 | |
| Enter build submenu | 72 | |
| Enter hero's abilities submenu | 20 | |
| Give item / drop item | 11 | |
| Remove unit from queue | 14 | |
| Right click | 1565 | |
| Select / deselect | 1420 | |
| Select group hotkey | 1721 | |
| Use ability | 415 | |
5668 total
» units
| Peasant | 62 | |
| Footman | 5 | |
| Mortar Team | 9 | |
| Siege Engine | 15 | |
| Gryphon Rider | 16 | |
| Flying Machine | 7 | |
| Priest | 11 | |
| Sorceress | 3 | |
| Spell Breaker | 15 | |
| Dragonhawk Rider | 1 | |
144 total
» upgrades
| Lumber Harvesting | 2 | |
| Masonry | 3 | |
| Flare | 1 | |
| Barrage | 1 | |
| Animal War Training | 1 | |
| Fragmentation Shards | 1 | |
| Gunpowder | 3 | |
| Storm Hammers | 1 | |
| Flak Cannons | 1 | |
| Plating | 3 | |
| Swords | 3 | |
| Armor | 3 | |
| Magic Sentry | 1 | |
| Priest Training | 2 | |
| Sorceress Training | 2 | |
| Control Magic | 1 | |
| Cloud | 1 | |
30 total
» buildings
| Altar of Kings | 1 | |
| Barracks | 1 | |
| Farm | 19 | |
| Scout Tower | 20 | |
| Arcane Tower | 2 | |
| Lumber Mill | 2 | |
| Town Hall | 19 | |
| Guard Tower | 17 | |
| Arcane Vault | 2 | |
| Keep | 1 | |
| Blacksmith | 2 | |
| Castle | 2 | |
| Workshop | 3 | |
| Gryphon Aviary | 2 | |
| Cannon Tower | 3 | |
| Arcane Sanctum | 1 | |
97 total
» build order
00:12 Altar of Kings
00:24 Barracks
00:40 Farm
00:54 Farm
01:38 Farm
01:42 Scout Tower
02:11 Arcane Tower
02:26 Lumber Mill
03:31 Town Hall
03:37 Town Hall
03:38 Scout Tower
03:40 Scout Tower
03:44 Scout Tower
04:04 Farm
04:10 Guard Tower
04:53 Arcane Vault
05:00 Keep
05:05 Guard Tower
05:06 Guard Tower
05:33 Scout Tower
05:34 Scout Tower
05:35 Scout Tower
06:05 Blacksmith
06:07 Guard Tower
06:22 Arcane Vault
06:37 Guard Tower
06:54 Farm
06:56 Farm
07:09 Guard Tower
07:14 Blacksmith
07:21 Castle
07:21 Castle
07:50 Town Hall
08:04 Farm
08:07 Workshop
08:11 Workshop
08:30 Farm
08:30 Farm
09:14 Farm
09:41 Farm
10:21 Workshop
10:58 Gryphon Aviary
11:51 Gryphon Aviary
13:12 Town Hall
14:42 Town Hall
15:52 Scout Tower
15:54 Scout Tower
15:55 Scout Tower
16:42 Cannon Tower
16:47 Cannon Tower
18:22 Cannon Tower
19:35 Scout Tower
19:37 Scout Tower
19:40 Scout Tower
20:30 Guard Tower
20:36 Arcane Sanctum
22:33 Scout Tower
22:37 Scout Tower
23:07 Guard Tower
23:31 Guard Tower
25:12 Scout Tower
25:13 Scout Tower
25:15 Scout Tower
25:16 Scout Tower
25:43 Guard Tower
25:53 Guard Tower
25:54 Guard Tower
25:56 Guard Tower
25:56 Guard Tower
26:01 Guard Tower
26:02 Guard Tower
26:10 Arcane Tower
26:11 Guard Tower
26:18 Town Hall
26:42 Lumber Mill
32:27 Town Hall
35:32 Town Hall
36:20 Town Hall
37:07 Town Hall
38:10 Town Hall
47:32 Town Hall
52:01 Farm
52:04 Farm
53:39 Town Hall
54:51 Town Hall
56:59 Town Hall
57:07 Scout Tower
63:14 Farm
63:26 Farm
63:26 Farm
64:09 Farm
64:09 Farm
65:35 Town Hall
66:03 Town Hall
68:43 Town Hall
76:24 Town Hall
» items
| Scroll of Regeneration | 8 | |
| Lesser Clarity Potion | 1 | |
| Potion of Healing | 14 | |
| Scroll of Town Portal | 10 | |
| Staff of Sanctuary | 3 | |
| Orb of Fire | 2 | |
| Ivory Tower | 3 | |
| Potion of Lesser Invulnerability | 1 | |
| Scroll of Healing | 2 | |
| Scroll of Protection | 1 | |
| Boots of Speed | 1 | |
46 total
team 3 (loser)
Player 3 (
orange | 49 APM | 3078 actions | 62:52)
8 Archmage
3 Summon Water Elemental
3 Brilliance Aura
1 Mass Teleport
1 Blizzard
5 Mountain King
3 Storm Bolt
2 Thunder Clap
5 Paladin
3 Holy Light
2 Divine Shield
» actions
| Assign group hotkey | 121 | |
| Basic commands | 326 | |
| Build / train | 210 | |
| Enter build submenu | 37 | |
| Enter hero's abilities submenu | 17 | |
| Give item / drop item | 5 | |
| Remove unit from queue | 10 | |
| Right click | 504 | |
| Select / deselect | 741 | |
| Select group hotkey | 674 | |
| Use ability | 433 | |
3078 total
» units
| Peasant | 32 | |
| Footman | 5 | |
| Gryphon Rider | 7 | |
| Priest | 9 | |
| Siege Engine | 9 | |
| Dragonhawk Rider | 13 | |
| Mortar Team | 5 | |
| Knight | 6 | |
| Sorceress | 4 | |
| Spell Breaker | 2 | |
92 total
» upgrades
| Lumber Harvesting | 2 | |
| Masonry | 3 | |
| Magic Sentry | 1 | |
| Priest Training | 2 | |
| Storm Hammers | 1 | |
| Animal War Training | 1 | |
| Swords | 3 | |
| Armor | 3 | |
| Barrage | 1 | |
| Plating | 3 | |
| Gunpowder | 3 | |
| Cloud | 1 | |
| Flare | 1 | |
| Fragmentation Shards | 1 | |
| Sorceress Training | 1 | |
| Long Rifles | 1 | |
| Flying Machine Bombs | 1 | |
| Flak Cannons | 1 | |
30 total
» buildings
| Altar of Kings | 1 | |
| Barracks | 1 | |
| Farm | 10 | |
| Scout Tower | 28 | |
| Arcane Tower | 5 | |
| Lumber Mill | 2 | |
| Keep | 2 | |
| Town Hall | 11 | |
| Guard Tower | 10 | |
| Arcane Vault | 2 | |
| Castle | 2 | |
| Blacksmith | 1 | |
| Arcane Sanctum | 1 | |
| Gryphon Aviary | 2 | |
| Workshop | 2 | |
80 total
» build order
00:10 Altar of Kings
00:16 Barracks
00:20 Farm
01:01 Farm
01:40 Scout Tower
01:47 Farm
02:08 Arcane Tower
02:33 Lumber Mill
04:15 Keep
05:02 Town Hall
05:05 Scout Tower
05:06 Scout Tower
05:07 Scout Tower
05:09 Scout Tower
05:10 Scout Tower
05:11 Scout Tower
05:40 Guard Tower
05:59 Arcane Vault
06:09 Farm
06:13 Arcane Tower
06:14 Guard Tower
07:38 Scout Tower
07:39 Scout Tower
07:41 Scout Tower
07:42 Scout Tower
07:43 Scout Tower
07:44 Scout Tower
07:46 Scout Tower
08:03 Castle
08:10 Guard Tower
08:25 Blacksmith
08:32 Guard Tower
08:34 Arcane Tower
09:22 Scout Tower
09:23 Scout Tower
09:24 Scout Tower
09:27 Scout Tower
09:28 Scout Tower
09:29 Scout Tower
09:30 Scout Tower
09:31 Scout Tower
09:33 Scout Tower
10:07 Guard Tower
10:12 Arcane Sanctum
10:52 Arcane Tower
10:54 Arcane Tower
10:55 Guard Tower
10:57 Guard Tower
11:25 Guard Tower
12:16 Farm
12:18 Farm
12:19 Farm
12:20 Farm
12:21 Farm
12:47 Gryphon Aviary
12:49 Gryphon Aviary
13:39 Town Hall
15:59 Workshop
16:01 Workshop
19:04 Lumber Mill
19:44 Town Hall
21:49 Guard Tower
26:00 Scout Tower
26:01 Scout Tower
26:05 Scout Tower
26:06 Scout Tower
26:06 Scout Tower
27:34 Guard Tower
28:57 Farm
29:58 Town Hall
32:12 Town Hall
34:00 Town Hall
35:41 Town Hall
36:49 Arcane Vault
36:55 Keep
39:37 Castle
47:04 Town Hall
48:31 Town Hall
55:36 Town Hall
62:10 Town Hall
» items
| Boots of Speed | 2 | |
| Scroll of Regeneration | 5 | |
| Lesser Clarity Potion | 1 | |
| Potion of Healing | 2 | |
| Ivory Tower | 4 | |
| Orb of Fire | 2 | |
| Staff of Sanctuary | 2 | |
| Scroll of Town Portal | 3 | |
| Potion of Lesser Invulnerability | 2 | |
| Scroll of Healing | 4 | |
| Tome of Retraining | 1 | |
28 total
team 4 (winner)
StellarStar (
green | 109 APM | 8808 actions | 80:50)
9 Archmage
3 Summon Water Elemental
3 Brilliance Aura
2 Blizzard
1 Mass Teleport
9 Blood Mage
3 Flame Strike
3 Banish
1 Summon Phoenix
2 Siphon Mana
9 Paladin
3 Holy Light
2 Divine Shield
1 Resurrection
3 Devotion Aura
» actions
| Assign group hotkey | 89 | |
| Basic commands | 329 | |
| Build / train | 226 | |
| ESC pressed | 3 | |
| Enter build submenu | 86 | |
| Enter hero's abilities submenu | 28 | |
| Give item / drop item | 14 | |
| Right click | 2853 | |
| Select / deselect | 2096 | |
| Select group hotkey | 2661 | |
| Use ability | 422 | |
8808 total
» units
| Peasant | 50 | |
| Footman | 8 | |
| Priest | 8 | |
| Spell Breaker | 3 | |
| Gryphon Rider | 9 | |
| Sorceress | 6 | |
| Flying Machine | 3 | |
| Siege Engine | 5 | |
| Knight | 1 | |
93 total
» upgrades
| Masonry | 3 | |
| Swords | 3 | |
| Lumber Harvesting | 2 | |
| Plating | 3 | |
| Magic Sentry | 1 | |
| Animal War Training | 1 | |
| Gunpowder | 3 | |
| Armor | 3 | |
| Priest Training | 2 | |
| Sorceress Training | 2 | |
| Barrage | 1 | |
| Storm Hammers | 1 | |
| Cloud | 1 | |
| Fragmentation Shards | 1 | |
| Flak Cannons | 1 | |
| Flare | 1 | |
| Control Magic | 1 | |
| Flying Machine Bombs | 1 | |
31 total
» buildings
| Altar of Kings | 1 | |
| Barracks | 1 | |
| Farm | 14 | |
| Lumber Mill | 3 | |
| Scout Tower | 33 | |
| Guard Tower | 18 | |
| Town Hall | 15 | |
| Arcane Vault | 1 | |
| Keep | 1 | |
| Blacksmith | 1 | |
| Arcane Tower | 2 | |
| Arcane Sanctum | 3 | |
| Castle | 1 | |
| Gryphon Aviary | 4 | |
| Workshop | 4 | |
| Cannon Tower | 2 | |
104 total
» build order
00:19 Altar of Kings
00:38 Barracks
00:51 Farm
01:05 Farm
02:09 Farm
02:33 Lumber Mill
02:41 Scout Tower
03:11 Guard Tower
03:43 Town Hall
03:58 Farm
04:09 Arcane Vault
05:45 Scout Tower
05:46 Scout Tower
05:47 Keep
05:52 Blacksmith
05:54 Scout Tower
05:55 Scout Tower
06:23 Guard Tower
06:44 Guard Tower
06:52 Scout Tower
07:30 Town Hall
07:34 Farm
07:37 Arcane Tower
08:02 Guard Tower
08:11 Arcane Sanctum
08:15 Arcane Sanctum
09:03 Castle
09:11 Town Hall
09:36 Scout Tower
09:37 Scout Tower
10:32 Guard Tower
10:46 Farm
10:47 Farm
11:19 Scout Tower
11:40 Scout Tower
11:47 Guard Tower
12:03 Town Hall
12:19 Guard Tower
13:20 Gryphon Aviary
13:59 Gryphon Aviary
14:18 Lumber Mill
15:24 Workshop
15:36 Farm
15:36 Farm
15:37 Farm
17:32 Scout Tower
17:32 Scout Tower
17:33 Scout Tower
18:47 Guard Tower
18:50 Arcane Tower
19:02 Town Hall
20:07 Town Hall
20:09 Scout Tower
20:10 Scout Tower
20:11 Scout Tower
20:32 Guard Tower
20:39 Guard Tower
21:06 Town Hall
21:25 Guard Tower
22:00 Guard Tower
22:53 Lumber Mill
23:19 Workshop
23:30 Town Hall
24:34 Scout Tower
24:35 Scout Tower
24:35 Scout Tower
26:13 Guard Tower
26:19 Gryphon Aviary
26:30 Workshop
27:49 Arcane Sanctum
29:46 Workshop
32:55 Scout Tower
32:56 Scout Tower
32:56 Scout Tower
33:01 Scout Tower
33:02 Scout Tower
33:02 Scout Tower
33:29 Guard Tower
34:01 Guard Tower
34:19 Scout Tower
34:19 Scout Tower
34:20 Scout Tower
34:22 Cannon Tower
35:30 Town Hall
35:54 Cannon Tower
35:56 Guard Tower
37:37 Gryphon Aviary
43:44 Scout Tower
43:45 Scout Tower
43:46 Scout Tower
44:52 Guard Tower
45:55 Guard Tower
46:24 Farm
48:41 Town Hall
50:23 Town Hall
55:35 Farm
55:40 Farm
55:41 Farm
57:17 Town Hall
64:51 Town Hall
68:36 Town Hall
71:17 Scout Tower
71:18 Scout Tower
76:02 Town Hall
» items
| Scroll of Regeneration | 2 | |
| Lesser Clarity Potion | 1 | |
| Scroll of Town Portal | 7 | |
| Staff of Sanctuary | 2 | |
| Boots of Speed | 1 | |
| Scroll of Healing | 12 | |
| Tome of Retraining | 1 | |
| Ivory Tower | 4 | |
| Potion of Healing | 4 | |
| Potion of Mana | 2 | |
| Periapt of Vitality | 3 | |
| Scroll of Protection | 2 | |
| Potion of Lesser Invulnerability | 1 | |
42 total
Chat log
(00:21 / All) StellarStar: hi
(16:05 / All) StellarStar: yellow wins
(16:52 / All) StellarStar: ...
(16:53 / All) StellarStar: 2v1?
(16:53 / All) StellarStar: really?
(17:37 / All) StellarStar: so the undead is staying at 50 supply
(17:39 / All) StellarStar: creeping the whole map
(17:42 / All) StellarStar: and you guys both attack me
(18:25 / 5) StellarStar: undead is hoarding
(18:28 / 5) StellarStar: do something about that
(29:07 / All) Player 1: nice team lamers
(38:28 / 5) StellarStar: help
(38:33 / 4) StellarStar: help
(38:59 / All) StellarStar: lol
(39:06 / All) StellarStar: nice teaming guys
(39:08 / All) StellarStar: vs the weakest
(39:45 / All) StellarStar: well you just gave the game to yellow
(44:23 / 5) StellarStar: just so you know, he has the entire left side because we're fighting
(54:34 / All) StellarStar: did you guys like ever fight?
(57:14 / All) Player 3: go green now
(57:25 / All) StellarStar: yes he managed to kill 6 supply
(58:20 / All) StellarStar: i think it's funny that orange thinks he'll actually win like this
(59:47 / All) StellarStar: by the way
(59:52 / All) StellarStar: yellow is at 80 supply ma
(59:57 / All) StellarStar: he's massing gold
(60:14 / All) StellarStar: so i suggest that maybe you should kill some of his mines orange
(60:59 / All) StellarStar: also he has 7-6-6 heroes
(61:03 / All) StellarStar: and tons of gold
(61:05 / All) StellarStar: yellow i mean
(63:15 / All) StellarStar: aka?
(72:00 / All) StellarStar: you still haven't killed a single unit
(78:06 / All) StellarStar: hey
(80:35 / All) StellarStar: lol
(80:37 / All) StellarStar: not a single unit
(80:45 / All) Player 2: gg